 Dungeon Crawl Stone Soup version 0.17-a0-1079-g9903972 (webtiles) character file.

752 Jine the Skirmisher (level 7, -1/55 HPs)
             Began as a Demonspawn Abyssal Knight on May 19, 2015.
             Was a Priest of Lugonu.
             Killed by a spatial distortion (2 damage)
             ... on level 6 of the Dungeon.
             The game lasted 00:20:03 (4595 turns).

Jine the Skirmisher (Demonspawn Abyssal Knight)     Turns: 4595, Time: 00:20:03

Health: -1/55      AC: 17    Str: 15    XL:     7   Next: 49%
Magic:  0/9        EV:  8    Int: 13    God:    Lugonu [***...]
Gold:   153        SH:  9    Dex: 11    Spells: 0 memorised, 6 levels left

rFire  . . .     SeeInvis .     a - +2 mace
rCold  . . .     Clarity  .     q - +2 ring mail
rNeg   + . .     SustAb   .     e - +0 shield
rPois  .         Gourm    .     g - +2 helmet
rElec  .         Spirit   +     (no cloak)
rCorr  .         Warding  +     (no gloves)
rMut   .         Stasis   .     o - +1 pair of boots
MR     .....                    d - amulet of warding
Stlth  ++........               (no ring)
                                m - ring of stealth

@: not resistant to hostile enchantments, unstealthy
A: talons 1, rough black scales 1, magic shield, magic regeneration
a: Depart the Abyss, Bend Space, Banish, Renounce Religion


You were on level 6 of the Dungeon.
You worshipped Lugonu.
Lugonu was most pleased with you.
You were not hungry.

You visited 1 branch of the dungeon, and saw 6 of its levels.
You visited the Abyss 1 time.

You collected 218 gold pieces.
You spent 65 gold pieces at shops.

Inventory:

Hand weapons
 a - a +2 mace (weapon)
Missiles
 x - 10 arrows
Armour
 b - a +0 leather armour
 e - a +0 shield (worn)
 g - a +2 helmet (worn)
 o - a +1 pair of boots (worn)
 p - a +0 chain mail
 q - a +2 ring mail (worn)
Jewellery
 d - an amulet of warding (around neck)
 m - a ring of stealth (left hand)
 n - an uncursed ring of stealth
Scrolls
 i - a scroll of recharging {unknown}
 l - 6 scrolls of identify
 s - a scroll of magic mapping {unknown}
 w - a scroll of remove curse
Potions
 f - 2 potions of agility {unknown}
 h - 3 potions of lignification
 j - a potion of flight {unknown}
 r - 3 potions of haste {unknown}
 t - a potion of degeneration {unknown}
 u - a potion of invisibility {unknown}
Books
 c - a book of Ice

   Spells                             Type                      Level
   a - Ice Form                       Ice/Transmutation            4
   b - Metabolic Englaciation         Hexes/Ice                    5
   c - Ozocubu's Refrigeration        Ice                          6
   d - Bolt of Cold                   Conjuration/Ice              6
   e - Freezing Cloud                 Conjuration/Ice/Air          6
   f - Simulacrum                     Ice/Necromancy               6
Comestibles
 v - a meat ration
 z - a bread ration


   Skills:
 + Level 4.6 Fighting
 + Level 3.9 Maces & Flails
 + Level 3.4 Armour
 - Level 1.0 Dodging
 + Level 1.8 Stealth
 * Level 4.0 Shields
 + Level 3.3 Invocations


You had 6 spell levels left.
You didn't know any spells.

Dungeon Overview and Level Annotations

Branches:
Dungeon (6/15)
 Temple: D:4-7

Altars:
Makhleb
Okawaru
The Shining One

Shops:
D:4 *

Annotations:
D:4 Monkaria's ghost, average DsCK


Innate Abilities, Weirdness & Mutations

You have sharp toenails.
You are partially covered in rough black scales (AC +4, Dex -1).
When hurt, damage is shared between your health and your magic reserves.
You regenerate magic rapidly.


Message History

The killer bee stings you but does no damage.
There is a stone staircase leading down here.
You can't go up here!
The killer bee stings you but does no damage.
The killer bee barely misses you.
You climb downwards.
A crimson imp comes into view.
Found a scroll of enchant armour.
There is a stone staircase leading up here.
The killer bee stings you.
* * * LOW HITPOINT WARNING * * *
The crimson imp moves out of view.
The killer bee stings you but does no damage.
Use which ability? (? or * to list)
You don't have enough magic at the moment.
Use which ability? (? or * to list)
Okay, then.
Use which ability? (? or * to list) Space bends around you!
You blink.
You die...

##......
#......##
#.......#
.......#
#......##
#.......#c.
#.5........
#..@.......
#..#.......
#.# #......
##.# ......
##<.# .....
###y..#
#....
#.ยง.?.#
...$
#####.# ...
.#


You could see a centaur (sleeping), a killer bee and a crimson imp.

Vanquished Creatures
  An ogre (D:3)
  2 centaurs (D:5)
  2 hounds
  A jelly (D:5)
  An orc wizard (D:2)
  3 worker ants (D:4)
  Jessica (D:2)
  A hound skeleton (D:5)
  5 adders
  An ooze (D:1)
  4 worms
  6 giant geckos
  6 orcs
  8 giant cockroaches
  8 hobgoblins
  3 quokkas
  4 ball pythons
  10 bats
  A giant newt (D:3)
  6 goblins
  4 jackals (D:3)
  12 kobolds
  10 rats
100 creatures vanquished.

Vanquished Creatures (others)
  An ice beast (D:5)
  2 ogres
  A bat skeleton (D:5)
4 creatures vanquished.

Grand Total: 104 creatures vanquished

Notes
Turn   | Place    | Note
--------------------------------------------------------------
     0 | Abyss:1  | Jine the Demonspawn Abyssal Knight began the quest for the Orb.
     0 | Abyss:1  | Reached XP level 1. HP: 18/18 MP: 2/2
    12 | D:1      | Escaped the Abyss
    59 | D:1      | Reached skill level 1 in Dodging
    93 | D:1      | Gained mutation: When hurt, damage is shared between your health and your magic reserves. [demonic ancestry]
    93 | D:1      | Reached XP level 2. HP: 20/24 MP: 3/3
   696 | D:2      | Acquired Lugonu's second power
   930 | D:2      | Gained mutation: You are partially covered in rough black scales (AC +4, Dex -1). [demonic ancestry]
   930 | D:2      | Reached XP level 3. HP: 22/29 MP: 2/4
  1040 | D:2      | Found an iron altar of Okawaru.
  1445 | D:2      | Reached skill level 1 in Shields
  1508 | D:2      | Found a glowing golden altar of the Shining One.
  1646 | D:2      | Noticed Jessica
  1658 | D:2      | Killed Jessica
  1658 | D:2      | Reached XP level 4. HP: 22/37 MP: 5/5
  2182 | D:3      | Reached XP level 5. HP: 42/42 MP: 6/6
  2200 | D:3      | Reached skill level 4 in Fighting
  2219 | D:3      | Acquired Lugonu's third power
  2882 | D:4      | Noticed an ogre
  3167 | D:3      | Banished an ogre
  3302 | D:4      | Noticed an ogre
  3303 | D:4      | Noticed an ogre
  3312 | D:4      | Noticed Monkaria's ghost (average DsCK)
  3403 | D:3      | Killed an ogre
  3403 | D:3      | Reached skill level 1 in Stealth
  3403 | D:3      | Gained mutation: You have sharp toenails. [demonic ancestry]
  3403 | D:3      | Reached XP level 6. HP: 37/48 MP: 5/7
  3863 | D:4      | Banished an ogre
  4093 | D:4      | Found Askedearph's General Store.
  4101 | D:4      | Bought a meat ration for 65 gold pieces
  4218 | D:5      | Entered Level 5 of the Dungeon
  4264 | D:5      | Gained mutation: You regenerate magic rapidly. [demonic ancestry]
  4264 | D:5      | Reached XP level 7. HP: 35/55 MP: 5/9
  4323 | D:5      | Found a burning altar of Makhleb.
  4510 | D:5      | Noticed a water moccasin
  4579 | D:5      | HP: 2/55 [poisoned by a killer bee]
  4587 | D:5      | HP: 1/55 [killer bee (5)]
  4593 | D:6      | HP: 1/55 [killer bee (1)]
  4595 | D:6      | Killed by a spatial distortion

Vault maps used:
D:1:      lightli_arrival_isolated_outpost, grunt_decor_clamped
D:2:      okawaru_trees_2, tso_oasis_becter, first_bread, corexii_corridor_pit,
          uniq_jessica
D:4:      serial_shops, shop_statue, grunt_ministairs_10
D:5:      bloody_makhleb, evilmike_ruin_ashenzari
D:6:      eino_curves_03

Action                   |  1- 3 |  4- 6 |  7- 9 || total
-------------------------+-------+-------+-------++-------
Melee: Mace              |   115 |   225 |    51 ||   391
Invok: Banish            |       |     2 |     3 ||     5
       Bend Space        |       |       |     1 ||     1
  Use: Scroll            |       |     9 |       ||     9
       Potion            |       |     2 |     2 ||     4
 Stab: Sleeping          |     1 |     5 |     1 ||     7
  Eat: Bread ration      |     1 |     1 |       ||     2
       Beef jerky        |       |     1 |       ||     1
       Meat ration       |       |     1 |       ||     1
